 Dungeon Crawl Stone Soup version 0.22-a0-614-g34fbaa0 (webtiles) character file.

51 pox the Stinger (level 3, -3/28 HPs)
             Began as a Naga Venom Mage on July 21, 2018.
             Shot with an arrow by a centaur (11 damage)
             ... on level 2 of the Dungeon.
             The game lasted 00:06:10 (1029 turns).

pox the Stinger (Naga Venom Mage)                   Turns: 1029, Time: 00:06:10

Health: -3/28      AC:  2    Str: 10    XL:     3   Next: 81%
Magic:  4/6        EV: 10    Int: 16    God:
Gold:   79         SH:  0    Dex: 11    Spells: 3/6 levels left

rFire    . . .     SeeInvis +   r - +0 dagger
rCold    . . .     Gourm    .   (no shield)
rNeg     . . .     Faith    .   d - +0 robe
rPois    +         Spirit   .   (no helmet)
rElec    .         Reflect  .   (no cloak)
rCorr    .         Harm     .   (no gloves)
MR       .....                  (no barding)
Stlth    ++........             (no amulet)
HPRegen  0.09/turn              (no ring)
MPRegen  0.10/turn              (no ring)

@: very slightly contaminated, very slow
A: large, see invisible, deformed body, poison resistance, slowness 2, slow
metabolism 1, spit poison 1, AC +1
a: Spit Poison


You were on level 2 of the Dungeon.
You were not hungry.

You visited 1 branch of the dungeon, and saw 2 of its levels.

You collected 79 gold pieces.

Inventory:

Hand Weapons
 r - a +0 dagger (weapon)
 s - a +0 falchion
 t - a +0 dagger
Missiles
 k - 45 sling bullets
 o - 16 arrows
Armour
 a - a +0 robe
 d - a +0 robe (worn)
 l - a +0 robe
Scrolls
 b - a scroll of remove curse {unknown}
 f - a scroll of blinking {unknown}
 i - a scroll of fear {unknown}
 j - a scroll of teleportation {unknown}
 m - a scroll of random uselessness {unknown}
 p - a scroll of enchant armour {unknown}
 q - a scroll of identify {unknown}
Potions
 e - a potion of heal wounds {unknown}
 g - 2 potions of curing {unknown}
 h - 2 potions of ambrosia {unknown}
Comestibles
 c - 4 rations
 n - 3 chunks of flesh


   Skills:
 - Level 1.5 Dodging
 - Level 3.0 Stealth
 - Level 2.0 Spellcasting
 - Level 2.0 Conjurations
 - Level 1.0 Air Magic
 * Level 5.3 Poison Magic


You had 3 spell levels left.
You knew the following spells:

 Your Spells              Type           Power        Failure   Level  Hunger
a - Sting                 Conj/Pois      ##..         4%          1    #......
b - Poisonous Vapours     Pois/Air       ##....       9%          2    ###....

Your spell library contained the following spells:

 Spells                   Type           Power        Failure   Level  Hunger
 Mephitic Cloud           Conj/Pois/Air  ##......     21%         3    ###....
 Venom Bolt               Conj/Pois      ##........   77%         5    ######.
 Olgreb's Toxic Radiance  Pois           ###.....     22%         4    #####..


Dungeon Overview and Level Annotations

Branches:
Dungeon (2/15)

Altars:


Innate Abilities, Weirdness & Mutations

You cannot wear boots.
Your serpentine skin is tough. (AC +1)
You have supernaturally acute eyesight. (SInv)
Armour fits poorly on your strangely shaped body.
Your system is resistant to poisons. (rPois)
You cover ground very slowly.
You have a slow metabolism.
You can spit poison.


Message History

You start resting.
HP restored.
Found a stone staircase leading up.
A centaur comes into view.
The centaur shouts!
The centaur wields a shortbow.
The centaur shoots an arrow.
The arrow closely misses you.
The centaur shoots an arrow.
The arrow hits you.
You see here 2 arrows.
Casting: Poisonous Vapours (safe; 9% risk of failure)
Confirm with . or Enter, or press ? or * to list all spells.
Aiming: Poisonous Vapours (safe; 9% risk of failure)
Press: ? - help, Dir - move target cursor, f - centaur
Aim: a centaur, wielding a shortbow You miscast Poisonous Vapours.
You are very lightly contaminated with residual magic.
You feel weak for a moment.
The centaur shoots an arrow.
The arrow hits you!!
Ouch! That really hurt!
* * * LOW HITPOINT WARNING * * *
The centaur shoots an arrow.
The arrow hits you!
You die...

##### ....# ##### ....#
....# .......# ....#
###....# ....#
###....##########....###
.......+........(.....c.
##.....#####)###@.....##
#.....#####.##.......<#
#.....#........####...#
#.....#.###.##.# ..#
#.###.......##.# .. #.#
#.......##. . #.#
#.......##. #.#
#.......##. #.#
#.......#


You could see a centaur.

Vanquished Creatures
  Terence (D:2)
  2 leopard geckos
  4 bats
  A giant cockroach (D:1)
  3 goblins (D:1)
  4 hobgoblins
  A jackal (D:1)
  A ball python (D:1)
  A frilled lizard (D:1)
  2 kobolds (D:2)
  2 rats
22 creatures vanquished.

Notes
Turn   | Place    | Note
-------+----------+-------------------------------------------
     0 | D:1      | pox the Naga Venom Mage began the quest for the Orb.
     0 | D:1      | Reached XP level 1. HP: 15/15 MP: 3/3
   248 | D:1      | Reached XP level 2. HP: 22/22 MP: 3/5
   253 | D:1      | Learned a level 2 spell: Poisonous Vapours
   405 | D:1      | Reached skill level 1 in Air Magic
   884 | D:2      | Reached XP level 3. HP: 28/28 MP: 1/6
   916 | D:2      | Noticed Terence
   945 | D:2      | Killed Terence
   945 | D:2      | Reached skill level 5 in Poison Magic
  1027 | D:2      | Noticed a centaur
  1029 | D:2      | Shot with an arrow by a centaur

Vault maps used:
D:1:      dpeg_arrival_brainrot
D:2:      chequers_ecumenical_altar_simple, serial_curves, eino_curves_02,
          eino_curves_03, grunt_ministairs_3, uniq_terence

Skill      XL: |  1  2  3 |
---------------+----------+-----
Conjurations   | 2 |  2.0
Air Magic      | 1 |  1.0
Poison Magic   | 5 |  5.3
Dodging        | |  1.5
Stealth        | |  3.0
Spellcasting   | |  2.0

Action                   || total
-------------------------++-------
Melee: Unarmed           ||     1
       Dagger            ||     1
 Cast: Sting             ||    19
       Poisonous Vapours ||    11
 Abil: Spit Poison       ||     4
  Eat: Chunk             ||     1
Armor: Robe              ||     3
Dodge: Dodged            ||     6

Table legend:
 A = Spawn XP
 B = Non-spawn XP
 C = Spawn XP percentage of total XP
 D = Spawn monster count
 E = Non-spawn monster count
 F = Spawn count percentage of total count
 G = Total turns spent on level
                    A         B        C        D         E        F      G
               +---------+---------+-------+---------+---------+-------+---------
         Total |       0 |      73 |   0.0 |       0 |      22 |   0.0 |  1029
               +---------+---------+-------+---------+---------+-------+---------
           D:1 |       0 |      28 |   0.0 |       0 |      15 |   0.0 |   785
           D:2 |       0 |      45 |   0.0 |       0 |       7 |   0.0 |   244
               +---------+---------+-------+---------+---------+-------+---------
